 Dungeon Crawl Stone Soup version 0.17.1-1-g73c8601 (webtiles) character file.

81 JustSomeDude the Sneak (level 4, -3/34 HPs)
             Began as a Demonspawn Assassin on Dec 18, 2015.
             Slain by an iguana (8 damage)
             ... on level 3 of the Dungeon.
             The game lasted 00:07:53 (1985 turns).

JustSomeDude the Sneak (Demonspawn Assassin)        Turns: 1985, Time: 00:07:53

Health: -3/34      AC:  3    Str: 11    XL:     4   Next: 19%
Magic:  4/4        EV: 12    Int: 12    God:
Gold:   151        SH:  0    Dex: 16    Spells: 0 memorised, 3 levels left

rFire  . . .     SeeInvis .     a - +2 dagger
rCold  . . .     Clarity  .     c - +0 robe
rNeg   . . .     SustAt   .     (no shield)
rPois  .         Gourm    .     (helmet restricted)
rElec  .         Spirit   .     d - +0 cloak
rCorr  .         Warding  .     (no gloves)
rMut   .         Stasis   .     (no boots)
MR     .....                    (no amulet)
Stlth  +++.......               (no ring)
                                (no ring)

@: not resistant to hostile enchantments, fairly stealthy
A: horns 1, demonic guardian 1
a: no special abilities


You were on level 3 of the Dungeon.
You were not hungry.

You visited 1 branch of the dungeon, and saw 3 of its levels.

You collected 151 gold pieces.

Inventory:

Hand Weapons
 a - a +2 dagger (weapon)
 b - a +0 blowgun
Missiles
 e - 20 poisoned needles
 f - a curare-tipped needle
Armour
 c - a +0 robe (worn)
 d - a +0 cloak (worn)
Scrolls
 h - 3 scrolls of identify
 i - a scroll of enchant weapon {unknown}
 j - a scroll of fog {unknown}
 l - a scroll of teleportation {unknown}
 n - a scroll of fear {unknown}
Potions
 k - a potion of agility {unknown}
 m - a potion of resistance {unknown}
 o - a potion of haste {unknown}
 q - a potion of degeneration {unknown}
Comestibles
 g - 3 bread rations
 p - a beef jerky


   Skills:
 + Level 2.4 Fighting
 + Level 2.2 Short Blades
 + Level 2.0 Throwing
 + Level 1.7 Dodging
 + Level 4.5 Stealth


You had 3 spell levels left.
You didn't know any spells.

Dungeon Overview and Level Annotations

Branches:
Dungeon (3/15)

Altars:
Elyvilon
Nemelex Xobeh
Okawaru
Qazlal
Trog
Yredelemnul


Innate Abilities, Weirdness & Mutations

You have a pair of small horns on your head.
A weak demonic guardian rushes to your aid.


Message History

The iguana bites you!
You hit the iguana.
The iguana is severely wounded.
The iguana barely misses you.
You hit the iguana.
The iguana is almost dead.
The iguana bites you!
* * * LOW HITPOINT WARNING * * *
Press: ? - help, v - describe, . - travel
Here: an iguana (almost dead)
The floor.
You hit the iguana but do no damage. Your headbutt misses the iguana.
The iguana is almost dead.
You closely miss the iguana. Your headbutt misses the iguana.
The iguana is almost dead.
The iguana completely misses you.
You hit the iguana but do no damage. Your headbutt misses the iguana.
The iguana is almost dead.
The iguana bites you!
You die...

#..# #..# .... #..#
.l.## #..# .... #
#..# .l.##%# #..#
....... #..# .......
#..# ########.......
#..# #..@lr.........
#..###.######.......
#.##.....# #......
#.##.....## ......
#........†..........
#.##.....#####......
#.##.....# ####
#.####.### #.# #...


You could see an iguana and a rat.

Vanquished Creatures
  2 adders (D:2)
  A gnoll (D:3)
  A worm (D:2)
  6 bats
  5 giant cockroaches (D:2)
  5 goblins
  5 hobgoblins
  3 jackals (D:3)
  2 quokkas (D:2)
  5 giant newts (D:2)
  8 kobolds
  4 rats
  A spectral orc (D:2)
48 creatures vanquished.

Notes
Turn   | Place    | Note
--------------------------------------------------------------
     0 | D:1      | JustSomeDude the Demonspawn Assassin began the quest for the Orb.
     0 | D:1      | Reached XP level 1. HP: 16/16 MP: 1/1
    71 | D:1      | Reached skill level 1 in Dodging
   370 | D:1      | Gained mutation: A weak demonic guardian rushes to your aid. [demonic ancestry]
   370 | D:1      | Reached XP level 2. HP: 22/22 MP: 2/2
   990 | D:2      | Reached skill level 4 in Stealth
   992 | D:2      | Found an iron altar of Okawaru.
  1052 | D:2      | Found a white marble altar of Elyvilon.
  1262 | D:2      | Gained mutation: You have a pair of small horns on your head. [demonic ancestry]
  1262 | D:2      | Reached XP level 3. HP: 24/27 MP: 3/3
  1289 | D:2      | Found a sparkling altar of Nemelex Xobeh.
  1329 | D:2      | Found a stormy altar of Qazlal.
  1389 | D:2      | Found a bloodstained altar of Trog.
  1568 | D:2      | Found a basalt altar of Yredelemnul.
  1801 | D:3      | Reached XP level 4. HP: 24/34 MP: 4/4
  1985 | D:3      | Slain by an iguana

Action                   |  1- 3 |  4- 6 || total
-------------------------+-------+-------++-------
Melee: Dagger            |   150 |    12 ||   162
 Fire: Blowgun           |       |     1 ||     1
  Use: Scroll            |     5 |       ||     5
 Stab: Sleeping          |    14 |       ||    14
       Distracted        |     2 |       ||     2
  Eat: Bread ration      |     1 |       ||     1
